 Dungeon Crawl Stone Soup version 0.14.2 (webtiles) character file.

55 Amnesiac the Charlatan (level 3, 0/18 HPs)
             Began as a Spriggan Artificer on Feb 9, 2018.
             Succumbed to an adder's poison
             ... on Level 2 of the Dungeon.
             The game lasted 00:00:59 (366 turns).

Amnesiac the Charlatan (Spriggan Artificer)          Turns: 366, Time: 00:00:59

HP   0/18        AC  2     Str  8      XL: 3   Next: 16%
MP   8/8         EV 18     Int 13      God:
Gold 20          SH  0     Dex 16      Spells:  0 memorised,  2 levels left

rFire  . . .     SeeInvis +     a - +0 short sword
rCold  . . .     Clarity  .     e - +0 robe
rNeg   . . .     Conserve .     (shield restricted)
rPois  .         rCorr    .     (helmet restricted)
rElec  .         rRot     .     (no cloak)
SustAb . .       Spirit   .     (gloves unavailable)
rMut   .         Warding  .     (boots unavailable)
Saprov . . .     Stasis   .     (no amulet)
MR     .....                    (no ring)
                                (no ring)

@: flying, lethally poisoned, very quick, not resistant to hostile enchantments,
fairly stealthy
A: unfitting armour, see invisible, herbivore 3, speed 3, slow metabolism 2
a: no special abilities


You were on level 2 of the Dungeon.
You were not hungry.

You visited 1 branch of the dungeon, and saw 2 of its levels.

You collected 20 gold pieces.

Inventory:

Hand weapons
 a - a +0,+0 short sword (weapon)
Missiles
 i - 8 poisoned needles
Armour
 e - a +0 robe (worn)
Magical devices
 b - a wand of flame (9)
 c - a wand of enslavement (15)
 d - a wand of random effects (15)
Comestibles
 g - a lychee
Jewellery
 h - a +1 ring of protection {unknown}
Potions
 f - a potion of porridge {!q}


   Skills:
 - Level 1.0 Fighting
 - Level 2.2 Short Blades
 + Level 3.3 Dodging
 - Level 1.5 Stealth
 * Level 4.9 Evocations


You had 2 spell levels left.
You didn't know any spells.

Dungeon Overview and Level Annotations

Branches:
Dungeon (2/15)

Altars:


Innate Abilities, Weirdness & Mutations

You are tiny and cannot use many weapons and most armour.
You have supernaturally acute eyesight.
You are a herbivore.
You cover ground extremely quickly.
You need consume almost no food.


Message History

You hit the hobgoblin but do no damage. The hobgoblin hits you with a club.
You closely miss the hobgoblin. The hobgoblin closely misses you.
You closely miss the hobgoblin.
The hobgoblin hits you but does no damage.
You barely miss the hobgoblin. The hobgoblin hits you with a club.
You completely miss the hobgoblin. The hobgoblin barely misses you.
You hit the hobgoblin but do no damage. The hobgoblin hits you with a club.
* * * LOW HITPOINT WARNING * * *
You hit the hobgoblin.
The hobgoblin is moderately wounded.
The hobgoblin barely misses you.
You closely miss the hobgoblin.
The hobgoblin is moderately wounded.
You hit the hobgoblin.
You kill the hobgoblin!
No target in view!
You start resting.
A giant gecko comes into view.
A giant gecko is nearby!
The giant gecko moves out of view.
No target in view!
No target in view!
You start resting.
A giant gecko is nearby!
The giant gecko bites you.
* * * LOW HITPOINT WARNING * * *
You hit the giant gecko.
You kill the giant gecko!
No target in view!
No target in view!
You start resting.
An adder comes into view.
An adder is nearby!
You see here a giant gecko corpse.
You hit the adder.
The adder is heavily wounded.
The adder bites you.
* * * LOW HITPOINT WARNING * * *
You are lethally poisoned!
The adder poisons you! The adder barely misses you.
You hit the adder but do no damage.
The adder is heavily wounded.
* * * LOW HITPOINT WARNING * * *
You feel sick. The adder barely misses you.
You are too injured to fight recklessly!
You see here a giant gecko corpse.
* * * LOW HITPOINT WARNING * * *
You feel sick.
Drink which item? (? for menu, Esc to quit)
Really quaff
j - a black potion {!q}?
You feel very buoyant.
You fly up into the air.
It was a potion of flight {!q}.
You closely miss the adder.
The adder is heavily wounded.
* * * LOW HITPOINT WARNING * * *
You feel sick. The adder barely misses you.
You hit the adder.
You kill the adder!
You have reached level 3!
Your experience leads to an increase in your attributes!
Increase (S)trength, (I)ntelligence, or (D)exterity?
You feel stronger.
There is a lethal amount of poison in your body!
You die...

##.## .....##..#.##.#
#####...### .).# #####
#.##.##.# #...# ######
#...%...# #...# .....#
####.#### #%..# .###.#
#.# ......# .# #.# #.#
.##.##.. .###.#
########.########. .. .#
....%# #.........)....##
... .
#...#####.######@#####.#
... #.#..(....# #.# ##..
#...####### #.# #####
#.# #.# #.. ###


There were no monsters in sight!

Vanquished Creatures
  3 adders (D:2)
  A giant gecko (D:2)
  A bat (D:2)
  2 goblins
  A hobgoblin (D:2)
  A quokka (D:2)
  A giant newt (D:2)
  2 kobolds (D:2)
  A rat (D:2)
13 creatures vanquished.

Notes
Turn   | Place    | Note
--------------------------------------------------------------
     0 | D:1      | Amnesiac, the Spriggan Artificer, began the quest for the Orb.
     0 | D:1      | Reached XP level 1. HP: 9/9 MP: 2/2
    68 | D:1      | Reached skill level 1 in Fighting
   132 | D:2      | Reached XP level 2. HP: 14/14 MP: 5/5
   363 | D:2      | Reached XP level 3. HP: 1/18 MP: 8/8
   366 | D:2      | Succumbed to an adder's poison

Action                   || total
-------------------------++-------
Melee: Short sword       ||    31
Evoke: Wand              ||     6
  Use: Potion            ||     1
 Stab: Sleeping          ||     1
